 Dungeon Crawl Stone Soup version 0.24.0-10-g970556be89 (webtiles) character file.

Game seed: 717372676305580131, levelgen mode: deterministic

90 Froggeryz the Cudgeler (level 4, -1/26 HPs)
             Began as a Kobold Skald on Nov 4, 2019.
             Killed from afar by an orc wizard (7 damage)
             ... with a magic dart
             ... on level 3 of the Dungeon.
             The game lasted 00:03:36 (2981 turns).

Froggeryz the Cudgeler (Kobold Skald)               Turns: 2981, Time: 00:03:37

Health: -1/26      AC:  3    Str:  8    XL:     4   Next: 85%
Magic:  7/7        EV: 14    Int: 14    God:
Gold:   105        SH:  0    Dex: 15    Spells: 6/7 levels left

rFire    . . .     SeeInvis .   a - +0 mace
rCold    . . .     Gourm    .   (shield restricted)
rNeg     . . .     Faith    .   b - +0 leather armour
rPois    .         Spirit   .   (no helmet)
rElec    .         Reflect  .   (no cloak)
rCorr    .         Harm     .   (no gloves)
MR       .....                  (no boots)
Stlth    +.........             (no amulet)
HPRegen  0.08/turn              (no ring)
MPRegen  0.10/turn              (no ring)

@: slowed, very slow
A: small, carnivore
a: no special abilities


You were on level 3 of the Dungeon.
You were very full.

You visited 1 branch of the dungeon, and saw 3 of its levels.

You collected 105 gold pieces.

Inventory:

Hand Weapons
 a - a +0 mace (weapon)
Missiles
 k - 6 poisoned darts (quivered)
Armour
 b - a +0 leather armour (worn)
Scrolls
 e - a scroll of blinking {unknown}
 f - a scroll of teleportation {unknown}
 g - 4 scrolls of remove curse {unknown}
 h - a scroll of magic mapping {unknown}
 i - 3 scrolls of identify {unknown}
Potions
 c - a potion of heal wounds
 j - a potion of flight {unknown}
Comestibles
 d - 5 rations


   Skills:
 - Level 2.1 Fighting
 * Level 4.2 Maces & Flails
 - Level 0.7 Armour
 - Level 2.4 Dodging
 - Level 2.1 Spellcasting
 - Level 2.4 Charms


You had 6 spell levels left.
You knew the following spells:

 Your Spells              Type           Power        Failure   Level  Hunger
a - Infusion              Chrm           #...         12%         1    #......

Your spell library contained the following spells:

 Spells                   Type           Power        Failure   Level  Hunger
 Song of Slaying          Chrm           #.......     19%         2    ###....
 Shroud of Golubria       Chrm/Tloc      #.....       30%         2    ###....
 Confusing Touch          Hex            #.....       32%         1    #......
 Regeneration             Chrm/Necr      #.........   52%         3    ###....
 Spectral Weapon          Hex/Chrm       #.......     52%         3    ###....
 Confuse                  Hex            #.......     69%         3    ###....
 Gell's Gravitas          Tloc           #.........   69%         3    ###....
 Petrify                  Tmut/Erth      #.......     97%         4    #####..
 Metabolic Englaciation   Hex/Ice        #.........   100%        5    ######.
 Yara's Violent Unravell  Hex/Tmut       #.........   100%        5    ######.


Dungeon Overview and Level Annotations

Branches:
Dungeon (3/15)

Altars:
Elyvilon


Innate Abilities, Weirdness & Mutations

You are small and have problems with some larger weapons.
You are carnivorous and can eat meat at any time.


Message History

The orc wizard hits you with a +0 dagger.
Something hits you.
The orc throws a stone.
The stone barely misses you.
The stone barely misses the orc wizard.
You hear a shout!
The orc wizard casts a spell.
The orc wizard blinks!
The orc throws a stone.
The stone misses you. Something hits you but does no damage.
Unknown command.
You closely miss something. Something hits you but does no damage.
The orc wizard hits you with a +0 dagger.
The orc wizard barely misses you.
The orc priest looks satisfied for a moment.
The orc wizard hits you with a +0 dagger.
The orc wizard misses you.
The orc wizard hits you with a +0 dagger.
The orc wizard hits you with a +0 dagger.
* * * LOW HITPOINT WARNING * * *
The orc wizard points at you and mumbles some strange words.
The magic dart hits you!
You die...

#..##.#
##.###.#
###(.# #.#
#.o(## #.#
##.### #.#
#..# #.#
#o## #o#
#@#
#.######..
#<........
########..


You could see an orc priest, an orc wizard and an orc.

Vanquished Creatures
  3 adders (D:2)
  2 worms (D:2)
  5 bats
  2 giant cockroaches
  7 goblins
  10 hobgoblins
  5 jackals
  2 ball pythons
  6 frilled lizards
  7 kobolds
  A quokka skeleton (D:3)
  8 rats
58 creatures vanquished.

Notes
Turn   | Place    | Note
-------+----------+-------------------------------------------
     0 | D:1      | Froggeryz the Kobold Skald began the quest for the Orb.
     0 | D:1      | Reached XP level 1. HP: 12/12 MP: 3/3
    15 | D:1      | Reached skill level 2 in Maces & Flails
    77 | D:1      | Reached XP level 2. HP: 12/17 MP: 5/5
   574 | D:1      | Reached skill level 3 in Maces & Flails
   574 | D:1      | Reached XP level 3. HP: 21/21 MP: 6/6
   850 | D:2      | Found a white marble altar of Elyvilon.
  1185 | D:2      | HP: 1/21 [jackal (3)]
  1196 | D:2      | HP: 1/21 [jackal (1)]
  1824 | D:2      | Reached XP level 4. HP: 23/26 MP: 7/7
  2115 | D:2      | Reached skill level 4 in Maces & Flails
  2981 | D:3      | Killed from afar by an orc wizard

Levels and vault maps discovered:
D:1:      ebering_hopf_link, layout_rooms
D:2:      layout_rooms, elyvilon_altar_5
D:3:      layout_rooms, uniq_sigmund, uniq_terence

Skill      XL: |  1  2  3  4 |
---------------+-------------+-----
Maces & Flails | 2 3 4 |  4.2
Fighting       | |  2.1
Armour         | |  0.7
Dodging        | |  2.4
Spellcasting   | |  2.1
Charms         | |  2.4

Action                   |  1- 3 |  4- 6 || total
-------------------------+-------+-------++-------
Melee: Mace              |   158 |    69 ||   227
  Use: Potion            |     4 |     2 ||     6
 Stab: Sleeping          |     2 |     1 ||     3
  Eat: Chunk             |    11 |     3 ||    14
Armor: Leather armour    |    40 |    15 ||    55
Dodge: Dodged            |   168 |    68 ||   236
